AoeStats
← Annibale

Arabia

510136382Analyzed
3v3 RM · 3d ago on Sep 29, 2026· 20m 50s· 6 players
Game mode
Random Map
Map size
Normal (6 player)
Population
200
Speed
Normal
Resources
Standard
Victory
Conquest
Starting age
Dark Age
Ending age
Imperial Age
RankedLock teamsTeams togetherTeam positionsShared explorationLock speedFull tech treeHidden civsTurbo modeCheats
Victory
Defeat
🇩🇪 Persians · Germany
1053
+15
🇩🇪 Britons · Germany
1039
+15
🇩🇪 Vietnamese · Germany
1037
+15
🇩🇪 Saxons · Germany
1069
-16
🇹🇷 Franks · Türkiye
1012
-15
🇬🇧 Bohemians · United Kingdom
989
-14
Beta
9:49 Feudal Age
14:13 Fletching
20:13 Castle Age
18:49 Loom
19:43 Padded Archer Armor
20:36 Crossbowman
strater11
7:14 Loom
9:47 Feudal Age
9:50 Man-at-Arms
15:05 Fletching
15:18 Horse Collar
16:15 Double-Bit Axe
22:20 Castle Age
20:42 Padded Archer Armor
Annibale
10:34 Feudal Age
14:35 Scale Barding Armor
14:41 Forging
15:55 Loom
22:35 Castle Age
20:28 Gold Mining
20:29 Double-Bit Axe
-Slipstream/Matt
5:47 Loom
10:08 Feudal Age
12:57 Double-Bit Axe
19:28 Fletching
19:37 Horse Collar
Rackl Peter
7:52 Loom
12:15 Feudal Age
13:57 Double-Bit Axe
17:05 Castle Age
15:08 Double-Bit Axe
15:27 Horse Collar
17:12 Pikeman
aksoy14537540
11:20 Feudal Age
12:29 Double-Bit Axe
18:02 Castle Age
17:03 Gold Mining
18:20 Scale Barding Armor
19:52 Forging
Connection lost

Rejoining the realm…

Still unreachable

The connection could not be restored.

Session expired

The server has moved on; the page needs a fresh start.